cohdb
Replays
Latest Replays
All Replays
Popular Replays
Top Player Replays
Match Explorer
How It Works
Community
CoH3 Stats
Reddit
Sign in to upload your games and track your stats! →
Sign in with Steam
Match 42931307
Unlisted
Match 42931307
Overview
Messages
Build Orders
End
Panzergrenadier Squad
Selects Panzerjäger Kommand Battlegroup
Panzergrenadier Squad
Panzerpioneer Squad
Construct Light Support Kompanie
Selects Mine Fields
MG34 Team
2.5-tonne Medical Truck
Panzerjäger Mechanized Group
Selects Defensive Positions
Fire Support Elements
Flakvierling Half-track
Veteran Squad Leaders
Combat Half-tracks
Panzergrenadier Squad
Selects Tank Busters
Construct Panzerarmee Kommand
MG34 Team
Panzerjäger Squad
ㄧㄠˋㄍㄠ ㄔㄠˊㄌㄜ˙
99A
Bran
DrewP
0
0
Comments
sign in to comment!
No comments posted yet!